Map: 2000 Atmosphären LE

Players

Syndrox - Winner!

  • Race: Protoss Protoss
  • League: Platinum

FrostFisk

  • Race: Terran Terran
  • League: Gold

VOD

Have the link to the VOD?

Description

Time

  • Played on: July 13, 2021, 11:44 a.m.
  • Length: 23:17
Show
View Real Time Build Order
Export as new Build Order

Syndrox Protoss - Winner!

Build Orders:  

Get SALT Encoding   

  12  0:00  Probe  
  13  0:12  Probe  
  14  0:17  Pylon  
  14  0:24  Probe  
  15  0:35  Gateway  
  15  0:40  Assimilator  
  15  0:43  Probe (Chrono Boost)  
  16  0:53  Probe (Chrono Boost)  
  17  0:58  Probe (Chrono Boost)  
  18  1:09  Probe  
  19  1:21  Probe  
  19  1:22  Pylon  
  19  1:25  Cybernetics Core  
  20  1:34  Probe  
  21  1:46  Probe  
  22  1:58  Probe  
  22  2:01  Nexus  
  23  2:02  Warp Gate  
  23  2:07  Pylon  
  23  2:10  Probe  
  23  2:11  Assimilator  
  24  2:20  Gateway  
  24  2:24  Probe (Chrono Boost)  
  25  2:35  Probe (Chrono Boost)  
  26  2:39  Probe (Chrono Boost), Robotics Facility  
  27  2:52  Assimilator  
  27  2:53  Stalker (Chrono Boost)  
  28  3:19  Probe (Chrono Boost)  
  29  3:29  Probe (Chrono Boost)  
  29  3:34  Immortal, Probe (Chrono Boost)  
  34  3:38  Probe  
  36  3:46  Probe  
  37  3:50  Probe, Shield Battery  
  38  3:57  Pylon  
  38  3:58  Probe  
  38  4:02  Probe  
  40  4:10  Probe  
  40  4:13  Observer  
  40  4:14  Probe  
  43  4:18  Assimilator  
  43  4:22  Probe  
  44  4:26  Probe  
  44  4:27  Pylon  
  45  4:34  Probe  
  45  4:38  Probe, Stargate  
  47  4:41  Stargate  
  47  4:46  Probe  
  47  4:50  Probe  
  49  4:57  Adept  
  49  4:58  Probe, Adept  
  54  5:02  Probe  
  55  5:10  Probe  
  56  5:14  Probe  
  56  5:16  Nexus  
  56  5:18  Pylon  
  56  5:20  Pylon  
  57  5:22  Probe  
  57  5:26  Probe  
  59  5:35  Probe  
  60  5:38  Probe  
  61  5:47  Probe  
  62  5:51  Probe  
  63  5:59  Probe  
  63  6:00  Void Ray x2 (Chrono Boost)  
  63  6:04  Probe  
  61  6:06  Stalker x2  
  61  6:11  Probe  
  74  6:15  Pylon  
  74  6:19  Observer  
  75  6:25  Forge  
  75  6:29  Observer  
  75  6:30  Gateway  
  82  6:40  Observer  
  80  6:59  Sentry x2  
  84  7:06  Probe  
  75  7:09  Probe x2  
  77  7:18  Probe  
  77  7:21  Probe x2  
  77  7:22  Gateway  
  80  7:23  Nexus, Gateway  
  80  7:25  Pylon  
  80  7:27  Photon Cannon  
  80  7:30  Probe  
  80  7:31  Pylon  
  80  7:33  Probe x2  
  80  7:34  Photon Cannon x3  
  83  7:44  Photon Cannon  
  83  7:46  Photon Cannon  
  83  7:48  Photon Cannon  
  88  8:07  Phoenix  
  88  8:08  Phoenix  
  88  8:12  Robotics Facility  
  84  8:21  Photon Cannon  
  84  8:23  Photon Cannon  
  84  8:25  Photon Cannon  
  84  8:32  Phoenix  
  84  8:33  Phoenix  
  87  8:37  Stalker x3  
  91  8:45  Pylon  
  91  8:57  Phoenix  
  91  8:58  Phoenix  
  91  9:01  Probe  
  91  9:02  Probe x2  
  98  9:04  Probe  
  99  9:13  Probe  
  99  9:14  Probe x2  
  102  9:19  Gateway  
  102  9:21  Gateway  
  102  9:22  Phoenix x2  
  102  9:24  Observer  
  107  9:25  Probe, Gateway  
  107  9:26  Probe x2  
  107  9:28  Robotics Bay  
  110  9:38  Probe x4  
  114  9:43  Assimilator  
  114  9:44  Assimilator, Pylon  
  114  9:49  Gateway  
  114  9:50  Probe x4, Gateway  
  118  9:54  Pylon  
  118  10:02  Probe  
  105  10:23  Stalker x8  
  105  10:24  Void Ray x2  
  119  10:33  Gravitic Boosters  
  110  11:24  Colossus  
  110  11:25  Protoss Ground Weapons Level 1  
  112  11:32  Pylon  
  112  11:35  Forge  
  112  11:39  Gateway  
  112  11:43  Gateway  
  112  11:44  Probe x4  
  112  11:46  Gateway  
  116  11:47  Gateway  
  116  11:50  Gateway  
  116  11:51  Assimilator  
  116  11:53  Zealot x10  
  136  11:56  Probe x2  
  136  11:57  Probe x2  
  140  12:05  Nexus  
  140  12:07  Protoss Ground Armor Level 1  
  140  12:08  Probe  
  140  12:09  Probe x3  
  140  12:12  Forge  
  144  12:20  Probe, Twilight Council  
  144  12:21  Probe x3  
  148  12:42  Pylon  
  148  12:44  Pylon  
  148  12:45  Sentry  
  148  12:46  Sentry x3, Robotics Facility  
  148  12:49  Robotics Facility  
  156  12:51  Assimilator  
  156  13:00  Pylon, Robotics Facility  
  156  13:03  Robotics Facility  
  156  13:04  Robotics Facility  
  156  13:20  Protoss Shields Level 1  
  156  13:21  Charge  
  156  13:29  Immortal, Pylon  
  156  13:30  Pylon  
  160  13:35  Nexus  
  164  13:41  Immortal x2  
  168  13:50  Protoss Ground Weapons Level 2  
  168  13:58  Stalker x6  
  180  14:08  Immortal  
  184  14:18  Pylon  
  184  14:20  Immortal  
  184  14:21  Immortal  
  192  14:24  Pylon  
  192  14:28  Immortal x2  
  200  14:32  Pylon  
  200  14:34  Protoss Ground Armor Level 2  
  200  14:39  Pylon  
  200  14:45  Fleet Beacon  
  200  14:48  Pylon  
  200  14:56  Pylon  
  200  14:57  Blink (Chrono Boost)  
  162  15:24  Stalker  
  162  15:25  Stalker x5  
  162  15:26  Stalker x6  
  162  15:27  Stalker x3  
  131  15:49  Stalker  
  122  15:50  Stalker x8  
  122  15:51  Stalker x2  
  137  15:59  Stalker  
  137  16:01  Protoss Shields Level 2  
  125  16:11  Pylon  
  120  16:18  Pylon  
  120  16:21  Pylon  
  120  16:22  Pylon  
  120  16:28  Pylon  
  120  16:29  Phoenix (Chrono Boost)  
  120  16:31  Phoenix (Chrono Boost)  
  124  16:40  Stalker  
  124  16:41  Stalker x7  
  124  16:42  Stalker x4  
  144  16:48  Oracle (Chrono Boost)  
  144  16:51  Photon Cannon  
  144  16:52  Photon Cannon  
  144  16:53  Photon Cannon  
  143  16:55  Photon Cannon x2  
  143  16:59  Pylon  
  143  17:01  Pylon  
  140  17:03  Pylon  
  140  17:06  Stalker  
  140  17:07  Stalker x9  
  160  17:10  Zealot  
  160  17:11  Zealot x2  
  165  17:55  Observer  
  165  17:58  Photon Cannon, Stalker x2  
  165  17:59  Stalker x8  
  185  18:12  Assimilator  
  185  18:14  Assimilator  
  156  18:53  Stalker  
  156  18:54  Stalker x6  
  156  18:55  Stalker x3  
  172  19:13  Immortal  
  176  20:06  Void Ray x2 (Chrono Boost)  
  177  20:28  Fleet Beacon  
  171  20:35  Void Ray  
  169  20:49  Nexus  
  169  20:52  Nexus  
  169  21:03  Pylon  
  169  21:04  Pylon  
  169  21:08  Pylon  
  170  21:32  Probe  
  170  21:35  Photon Cannon  
  170  21:37  Photon Cannon  
  178  21:42  Photon Cannon  
  178  21:44  Shield Battery  
  178  23:09  Nexus  
  178  23:10  Nexus  
  178  23:13  Nexus  
Show
View Real Time Build Order
Export as new Build Order

FrostFisk Terran 

Build Orders:  

Get SALT Encoding   

  12  0:11  SCV  
  13  0:18  Supply Depot  
  13  0:22  Refinery  
  13  0:24  SCV  
  14  0:36  SCV  
  15  0:43  Barracks  
  15  0:48  SCV  
  16  1:00  SCV  
  17  1:12  SCV  
  17  1:15  Supply Depot  
  18  1:24  SCV  
  19  1:36  SCV  
  20  1:49  SCV  
  22  1:54  Reaper  
  22  1:57  Barracks  
  22  2:01  SCV  
  23  2:08  Refinery  
  23  2:10  Factory  
  23  2:13  SCV  
  24  2:25  SCV  
  25  2:37  Command Center, SCV  
  25  2:43  Marine  
  27  2:46  Barracks Tech Lab  
  27  2:49  SCV  
  28  2:53  Factory Tech Lab  
  28  3:01  SCV  
  29  3:17  Marine x2  
  31  3:43  SCV  
  31  3:51  Siege Tank  
  31  3:55  SCV  
  35  3:58  Starport  
  35  3:59  Starport  
  35  4:00  Starport  
  35  4:01  SCV  
  36  4:04  Refinery  
  36  4:06  Engineering Bay  
  36  4:07  SCV  
  37  4:13  SCV  
  38  4:19  SCV  
  38  4:20  Barracks Reactor  
  38  4:22  Supply Depot  
  39  4:25  SCV  
  39  4:28  Supply Depot  
  40  4:31  SCV  
  40  4:34  Starport Tech Lab  
  40  4:35  Starport Tech Lab  
  40  4:36  Starport Tech Lab  
  40  4:38  SCV  
  42  4:44  Refinery, SCV  
  43  4:53  Cloaking Field  
  43  4:55  Banshee  
  43  4:57  SCV x2  
  48  5:07  Banshee  
  48  5:09  SCV x2  
  53  5:18  Banshee  
  53  5:21  SCV  
  57  5:24  Supply Depot  
  57  5:27  Marine  
  57  5:28  Marine x2  
  58  5:46  Banshee  
  58  5:49  Banshee  
  62  6:03  Banshee  
  64  6:14  SCV  
  64  6:15  SCV  
  66  6:19  Supply Depot  
  66  6:26  SCV  
  66  6:29  Banshee  
  70  6:41  Banshee  
  70  6:46  Medivac  
  72  7:00  SCV  
  73  7:12  Viking  
  75  7:16  Viking  
  77  8:09  SCV  
  78  8:21  Supply Depot  
  78  8:23  Command Center  
  78  8:26  Supply Depot  
  78  8:42  Marine x3  
  78  8:43  Viking, SCV x2  
  78  8:47  Viking x2  
  84  8:58  SCV  
  84  8:59  SCV  
  84  9:00  Marine x3  
  87  9:10  Supply Depot  
  87  9:13  Viking  
  87  9:14  SCV  
  87  9:16  SCV  
  91  9:17  Viking  
  91  9:18  Marine  
  94  9:32  Siege Tank, Marine, Viking  
  94  9:35  Planetary Fortress  
  100  9:40  Refinery  
  100  9:42  Refinery, Viking  
  102  9:45  Missile Turret  
  102  9:47  Viking  
  102  9:48  Missile Turret  
  102  9:51  Hi-Sec Auto Tracking  
  104  9:53  SCV  
  105  10:02  Viking  
  105  10:04  Siege Tank  
  104  10:12  Viking  
  100  10:19  Marine x3  
  90  10:21  SCV  
  90  10:23  SCV x2  
  90  10:27  Supply Depot  
  85  10:33  SCV  
  86  10:35  Supply Depot  
  86  10:36  Siege Tank  
  86  10:37  Marine x3  
  86  10:40  Fusion Core  
  92  10:45  Armory  
  92  10:48  Armory  
  88  10:53  SCV  
  88  10:55  Marine  
  88  10:56  Marauder  
  87  11:08  Siege Tank  
  88  11:17  Marauder  
  89  11:20  Command Center  
  89  11:22  SCV  
  89  11:23  SCV  
  91  11:33  Battlecruiser x2  
  91  11:34  Command Center  
  91  11:36  Viking  
  105  11:46  SCV x2  
  107  11:58  SCV x2  
  109  12:08  Weapon Refit  
  109  12:10  SCV  
  109  12:11  Supply Depot  
  109  12:12  Supply Depot  
  110  12:15  Supply Depot  
  110  12:16  Terran Ship Weapons Level 1  
  110  12:17  Terran Vehicle And Ship Armor Level 1  
  110  12:24  Missile Turret  
  110  12:32  SCV x2  
  110  12:35  Missile Turret, Planetary Fortress  
  112  12:44  SCV  
  112  12:46  SCV  
  112  12:48  Missile Turret  
  114  12:58  Planetary Fortress  
  114  13:05  Refinery  
  114  13:07  Refinery  
  114  13:08  Marine x3  
  117  13:15  Battlecruiser  
  117  13:16  Supply Depot  
  123  13:26  Marine x3  
  126  13:28  Supply Depot  
  126  13:35  Battlecruiser  
  126  13:36  Supply Depot  
  132  13:43  Marine  
  132  13:44  Marine x2, SCV  
  132  13:45  SCV x3  
  139  13:49  Battlecruiser  
  139  13:53  Combat Shield  
  145  14:01  Marine  
  145  14:02  Marine x2  
  148  14:03  Supply Depot x2  
  148  14:07  SCV x3  
  148  14:08  SCV  
  152  14:19  Battlecruiser, Marine x3  
  152  14:21  Terran Ship Weapons Level 2  
  152  14:22  Command Center  
  161  14:27  Terran Vehicle And Ship Armor Level 2  
  161  14:35  Starport  
  161  14:48  Battlecruiser  
  161  14:49  Marine  
  161  14:50  Marine x2  
  169  15:07  Marine  
  169  15:08  Marine x2  
  169  15:12  Stimpack  
  152  15:25  Marine x3  
  122  15:40  Orbital Command x2  
  108  15:43  Marine x2  
  74  16:24  Battlecruiser x3, SCV  
  74  16:25  SCV  
  94  16:27  Starport Tech Lab  
  94  16:30  Supply Depot, SCV  
  95  16:36  SCV  
  96  17:04  Marine x3  
  96  17:06  Command Center  
  99  17:22  Marine x3  
  100  17:28  Battlecruiser  
  108  17:45  Battlecruiser x2  
  120  18:14  Command Center  
  63  18:56  SCV  
  63  18:57  Factory  
  63  18:58  Factory  
  62  19:09  Engineering Bay  
  48  19:24  Supply Depot  
  48  19:25  Supply Depot  
  48  19:26  Supply Depot x2  
  48  19:27  Supply Depot x2  
  48  19:28  Supply Depot  
  47  19:36  SCV  
  48  19:40  Engineering Bay  
  48  19:44  Command Center  
  41  19:46  Factory Tech Lab  
  41  19:47  Factory Tech Lab  
  30  19:54  Barracks x2  
  30  19:57  SCV  
  30  20:07  Siege Tank x2  
  30  20:09  SCV  
  33  20:21  SCV  
  34  20:33  SCV  
  26  20:45  SCV  
  14  21:04  Command Center  
  12  22:27  Command Center  
Tags
 
Add a new tag
Caveats
  • Supply blocks, unpowered buildings, or Contaminate may cause inaccurate times.
  • Supply counts are checked every 10 seconds.